 Dungeon Sprint DCSS version 0.26-a0-690-gcb57259078 (webtiles) character file.

Game seed: 8869314232721897152

13394 jfcaron the Unseen (level 11, 0/67 HPs)
             Began as a Spriggan Brigand on Oct 23, 2020.
             Was the Champion of Wu Jian.
             Slain by the 27-headed Lernaean hydra (4 damage)
             ... in the Dungeon (Sprint I: "Red Sonja").
             The game lasted 00:25:42 (1684 turns).

jfcaron the Unseen (Spriggan Brigand)               Turns: 1684, Time: 00:25:42

Health: 0/67       AC:  8    Str:  7    XL:     11   Next: 75%
Magic:  12/12      EV: 35    Int: 13    God:    Wu Jian [******]
Gold:   376        SH:  7    Dex: 21    Spells: 10/10 levels left

rFire    . . .     SeeInvis +   a - +3 dagger (elec)
rCold    . . .     Faith    .   x - +0 buckler
rNeg     . . .     Spirit   .   o - +0 troll leather armour
rPois    .         Reflect  .   (helmet restricted)
rElec    .         Harm     .   c - +2 cloak
rCorr    .         Rampage  .   (gloves unavailable)
MR       +....     NoTele   +   (boots unavailable)
Stlth    +++.......             (no amulet)
HPRegen  0.61/turn              (no ring)
MPRegen  0.13/turn              (no ring)

@: heavenly storm, glowing, very quick
A: very small, unfitting armour, see invisible, speed 3
a: Wall Jump, Serpent's Lash, Heavenly Storm, Renounce Religion


You were in the Dungeon.
You worshipped Wu Jian.
Wu Jian was exalted by your worship.
You visited 1 branch You collected 2356 gold pieces.
You spent 1980 gold pieces at shops.

Inventory:

Hand Weapons
 a - a +3 dagger of electrocution (weapon)
 p - a +1 dagger of distortion
Missiles
 d - 11 poisoned darts (quivered)
 e - 8 curare-tipped darts {!f}
 s - 45 stones
Armour
 c - a +2 cloak (worn)
 o - a +0 troll leather armour (worn)
 x - a +0 buckler (worn)
Wands
 l - a wand of polymorph (8)
 u - a wand of paralysis (13)
 v - a wand of iceblast (7)
Scrolls
 b - a scroll of fog
 k - 2 scrolls of blinking
 r - 2 scrolls of fear
 w - a scroll of remove curse
Potions
 f - 5 potions of curing
 g - 2 potions of heal wounds
 h - 2 potions of haste
 i - 2 potions of magic
 j - a potion of berserk rage
 n - a potion of resistance
 q - 2 potions of lignification
 z - a potion of cancellation
Miscellaneous
 t - a condenser vane (1/2)


   Skills:
 + Level 12.7 Fighting
 - Level 10.0 Short Blades
 - Level 5.0 Throwing
 - Level 4.4 Armour
 + Level 19.8 Dodging
 - Level 20.0 Stealth
 + Level 3.5 Shields
 + Level 12.9 Evocations


You had 10 spell levels left.
You didn't know any spells.
Your spell library was empty.

Dungeon Overview and Level Annotations

Branches:
Dungeon (1/1)

Altars:
Cheibriados
Dithmenos
Elyvilon
Fedhas
Gozag
Hepliaklqana
Kikubaaqudgha
Makhleb
Nemelex Xobeh
Okawaru
Qazlal
Ru
Sif Muna
Trog
Uskayaw
Vehumet
Wu Jian
Xom
Yredelemnul
Zin
The Shining One
Jiyva
Lugonu

Shops:
D }?![[(}}*(::??:[*

Annotations:
D Lernaean hydra


Innate Abilities, Weirdness & Mutations

You are very small and have problems with some larger weapons.
You are too small for most types of armour.
You have supernaturally acute eyesight. (SInv)
You cover ground extremely quickly.


Message History

You puncture the 27-headed Lernaean hydra!
Lightning courses through the 27-headed Lernaean hydra!
The 27-headed Lernaean hydra is lightly wounded.
The 27-headed Lernaean hydra bites you.
The 27-headed Lernaean hydra completely misses you.
The 27-headed Lernaean hydra misses you. x2
The 27-headed Lernaean hydra bites you.
The 27-headed Lernaean hydra bites you but does no damage.
The 27-headed Lernaean hydra barely misses you.
The 27-headed Lernaean hydra completely misses you.
You block the 27-headed Lernaean hydra's attack.
The 27-headed Lernaean hydra completely misses you.
The 27-headed Lernaean hydra bites you.
The 27-headed Lernaean hydra bites you! x3
* * * LOW HITPOINT WARNING * * *
You block the 27-headed Lernaean hydra's attack.
The 27-headed Lernaean hydra bites you!
* * * LOW HITPOINT WARNING * * *
The 27-headed Lernaean hydra barely misses you.
The 27-headed Lernaean hydra bites you.
You die...

***,,,,,,,,,*,*,+..#*,,,,,,^,,,**
,,+,,,,,,****+*^##+##,,,,,,,,,,*,
****,,,***,,,,*,#≈≈≈##,,,,,,,,**,
,,,*****,,,****^#≈≈≈≈##,,,,,,**,,
,,,,,,,,,***^,^,#≈≈≈≈≈#######*,,,
,,,,,*****,,,^####≈≈≈≈#≈≈°≈≈#9○,,
,,,,**,,,,^,,,#§§#9≈≈≈D≈≈.°≈'..,,
,,,**,,^,,,^,^#§§D##≈≈#≈≈≈≈≈#≈≈≈,
,,,*,^,,,^,,,^#§@☼§######'###**≈≈
********,^,^,^#§§☼§#≈≈≈≈≈≈≈≈≈≈**≈
≈≈≈≈≈≈,*,,^^,,######*≈≈≈≈≈≈≈≈≈≈≈≈
********,^,,,^+,,*,,+,,,≈≈≈≈≈≈≈*≈
,,,+,,,,,,,,,,*,,+,,*,,,,,,$$≈≈≈*
***************************####**


You could see the 27-headed Lernaean hydra and a gargoyle.

Vanquished Creatures
  A deep elf annihilator (D)
  A mummy priest (D)
  A hydra (D)
  2 centaur warriors (D)
  Sonja (D)
  2 unseen horrors (D)
  A deep troll (D)
  A lindwurm (D)
  An oklob plant (D)
  2 merfolk sirens (D)
  2 kobold demonologists (D)
  4 demonic crawlers (D)
  A hellwing (D)
  A slime creature (D)
  5 hornets (D)
  Sigmund (D)
  2 redbacks (D)
  A yak (D)
  13 hogs (D)
  3 floating eyes (D)
  7 necrophages (D)
  An ogre (D)
  8 jellies (D)
  Ijyb (D)
  2 ballistomycete spores (D)
65 creatures vanquished.

Notes
Turn   | Place    | Note
-------+----------+-------------------------------------------
     0 | D        | jfcaron the Spriggan Brigand began the quest for the Orb.
     0 | D        | Reached XP level 1. HP: 10/10 MP: 2/2
     1 | D        | Noticed Ijyb
     4 | D        | Killed Ijyb
     4 | D        | Reached skill level 7 in Stealth
     4 | D        | Reached XP level 2. HP: 16/16 MP: 3/3
    13 | D        | Noticed an ogre
    15 | D        | Killed an ogre
    15 | D        | Reached skill level 5 in Dodging
    15 | D        | Reached skill level 8 in Stealth
    15 | D        | Reached XP level 3. HP: 20/20 MP: 4/4
    15 | D        | Reached XP level 4. HP: 25/25 MP: 5/5
    27 | D        | Noticed Sigmund
    29 | D        | Killed Sigmund
    29 | D        | Reached skill level 5 in Throwing
    29 | D        | Reached skill level 10 in Stealth
    29 | D        | Reached XP level 5. HP: 30/30 MP: 6/6
    41 | D        | Found an ornate altar of the Wu Jian Council.
    41 | D        | Found a shimmering blue altar of Sif Muna.
    43 | D        | Found a radiant altar of Vehumet.
    47 | D        | Reached skill level 5 in Fighting
    47 | D        | Reached XP level 6. HP: 35/35 MP: 7/7
    49 | D        | Became a worshipper of the Wu Jian Council
    81 | D        | Found Guangamu's Magic Scroll Emporium.
    81 | D        | Found an ancient bone altar of Kikubaaqudgha.
    81 | D        | Found a hazy altar of Hepliaklqana.
    81 | D        | Found a stormy altar of Qazlal.
    81 | D        | Found a hide-covered altar of Uskayaw.
    81 | D        | Found a blossoming altar of Fedhas.
    81 | D        | Found a bloodstained altar of Trog.
    81 | D        | Found an iron altar of Okawaru.
    81 | D        | Found a basalt altar of Yredelemnul.
    81 | D        | Found a glowing golden altar of the Shining One.
    81 | D        | Found a snail-covered altar of Cheibriados.
    81 | D        | Found a sacrificial altar of Ru.
    81 | D        | Found a glowing silver altar of Zin.
    81 | D        | Found a shadowy altar of Dithmenos.
    81 | D        | Found a white marble altar of Elyvilon.
    81 | D        | Noticed a yak
    82 | D        | Found an opulent altar of Gozag.
    82 | D        | Killed a yak
    82 | D        | Reached skill level 11 in Stealth
    83 | D        | Found a sparkling altar of Nemelex Xobeh.
    87 | D        | Bought a scroll of magic mapping for 42 gold pieces
    87 | D        | Bought a scroll of enchant weapon for 90 gold pieces
    87 | D        | Bought a scroll of enchant weapon for 90 gold pieces
    87 | D        | Bought a scroll of identify for 24 gold pieces
    87 | D        | Bought a scroll of fear for 42 gold pieces
   100 | D        | Noticed Sonja
   103 | D        | Killed Sonja
   103 | D        | Reached skill level 13 in Stealth
   103 | D        | Reached XP level 7. HP: 42/42 MP: 8/8
   103 | D        | Reached XP level 8. HP: 46/46 MP: 9/9
   125 | D        | Bought a scroll of enchant armour for 90 gold pieces
   183 | D        | Bought 2 scrolls of blinking for 180 gold pieces
   183 | D        | Bought a scroll of identify for 24 gold pieces
   284 | D        | Noticed a deep troll
   287 | D        | Killed a deep troll
   287 | D        | Reached * piety under Wu Jian
   287 | D        | Reached skill level 10 in Short Blades
   287 | D        | Reached skill level 15 in Stealth
   310 | D        | Found Bopnuef's Armour Emporium.
   343 | D        | Found Fein's Gadget Boutique.
   370 | D        | Found a burning altar of Makhleb.
   370 | D        | Found a viscous altar of Jiyva.
   370 | D        | Found a shimmering altar of Xom.
   370 | D        | Found a corrupted altar of Lugonu.
   370 | D        | Noticed a slime creature
   372 | D        | Killed a slime creature
   384 | D        | Noticed a kobold demonologist
   385 | D        | Noticed a kobold demonologist
   388 | D        | Killed a kobold demonologist
   388 | D        | Reached ** piety under Wu Jian
   388 | D        | Reached skill level 1 in Armour
   388 | D        | Reached XP level 9. HP: 52/52 MP: 10/10
   390 | D        | Killed a kobold demonologist
   390 | D        | Reached skill level 16 in Stealth
   396 | D        | Noticed a demonic crawler
   396 | D        | Noticed a demonic crawler
   396 | D        | Noticed a demonic crawler
   396 | D        | Noticed a demonic crawler
   397 | D        | Killed a demonic crawler
   398 | D        | Killed a demonic crawler
   398 | D        | Reached *** piety under Wu Jian
   399 | D        | Killed a demonic crawler
   399 | D        | Reached skill level 15 in Dodging
   399 | D        | Reached skill level 17 in Stealth
   400 | D        | Killed a demonic crawler
   418 | D        | Noticed a lindwurm
   419 | D        | Killed a lindwurm
   460 | D        | Bought a condenser vane (2/2) for 280 gold pieces
   498 | D        | Reached **** piety under Wu Jian
   498 | D        | Reached skill level 1 in Evocations
   536 | D        | Reached skill level 10 in Fighting
   536 | D        | Reached XP level 10. HP: 55/59 MP: 11/11
   540 | D        | Reached skill level 18 in Stealth
   554 | D        | Reached ***** piety under Wu Jian
   566 | D        | Reached skill level 5 in Evocations
   763 | D        | Noticed a 12-headed hydra
   764 | D        | Killed a 12-headed hydra
   764 | D        | Reached ****** piety under Wu Jian
   764 | D        | Reached skill level 19 in Stealth
   838 | D        | Noticed a merfolk siren
   838 | D        | Noticed a deep elf annihilator
   888 | D        | Noticed a centaur warrior
   888 | D        | Noticed a centaur warrior
   899 | D        | Killed a centaur warrior
   899 | D        | Killed a centaur warrior
   955 | D        | Reached XP level 11. HP: 65/65 MP: 12/12
   965 | D        | Noticed an oklob plant
   966 | D        | Killed an oklob plant
   966 | D        | Reached skill level 20 in Stealth
  1021 | D        | Bought a wand of paralysis (13) for 210 gold pieces
  1021 | D        | Bought a wand of iceblast (11) for 210 gold pieces
  1059 | D        | Noticed an unseen horror
  1059 | D        | Noticed an unseen horror
  1080 | D        | Killed an unseen horror
  1080 | D        | Reached skill level 10 in Evocations
  1114 | D        | Killed an unseen horror
  1309 | D        | Found Loeh's Magic Scroll Boutique.
  1309 | D        | Found Zaereoc's Assorted Antiques.
  1309 | D        | Found Raremeso's Book Emporium.
  1311 | D        | Found Piohe's Magic Scroll Boutique.
  1311 | D        | Found Loacveo's Book Shoppe.
  1311 | D        | Found Laice's Book Shop.
  1311 | D        | Found Giamaph's Weapon Emporium.
  1311 | D        | Found Feofimott's General Store.
  1311 | D        | Found Isorgh's Gadget Shoppe.
  1311 | D        | Found Fyaq's Gadget Shop.
  1312 | D        | Found Adiupuosch's Antique Weapon Emporium.
  1313 | D        | Found Sotefabi's Armour Boutique.
  1313 | D        | Found Xofyren's Armour Shoppe.
  1314 | D        | Found Paziug Inkua's Distillery.
  1341 | D        | Bought a scroll of fog for 22 gold pieces
  1349 | D        | Bought a +0 buckler for 63 gold pieces
  1358 | D        | Bought a potion of lignification for 33 gold pieces
  1365 | D        | Bought a potion of cancellation for 104 gold pieces
  1377 | D        | Bought a small copper ring for 120 gold pieces
  1382 | D        | Bought a scroll of blinking for 82 gold pieces
  1382 | D        | Bought a scroll of enchant armour for 82 gold pieces
  1382 | D        | Bought a scroll of enchant weapon for 82 gold pieces
  1385 | D        | Bought a scroll of fear for 38 gold pieces
  1389 | D        | Bought a potion of curing for 33 gold pieces
  1394 | D        | Bought a potion of curing for 39 gold pieces
  1479 | D        | Reached skill level 1 in Shields
  1552 | D        | Killed a deep elf annihilator
  1557 | D        | Noticed a mummy priest
  1559 | D        | Noticed an oklob plant
  1562 | D        | Noticed a flayed ghost
  1563 | D        | Killed a mummy priest
  1646 | D        | Noticed the 27-headed Lernaean hydra
  1684 | D        | HP: 4/67 [the 27-headed Lernaean hydra (13)]
  1684 | D        | Slain by the 27-headed Lernaean hydra

Illustrated notes

Levels and vault maps discovered:
D:        dungeon_sprint_1 [red_sonja_temple_1, red_sonja_temple_small_1]

Skill      XL: |  1  2  3  4  5  6  7  8  9 10 11 |
---------------+----------------------------------+-----
Fighting       | 2 3 4 5 7 8 10 11 12 | 12.7
Short Blades   | 3 4 7 9 10 | 10.0
Throwing       | 3 4 5 |  5.0
Dodging        | 3 5 8 11 13 15 17 19 | 19.8
Stealth        | 7 8 10 13 15 17 19 20 | 20.0
Armour         | 1 4 |  4.4
Evocations     | 2 9 12 | 12.9
Shields        | 3 |  3.5

Action                   |  1- 3 |  4- 6 |  7- 9 | 10-12 || total
-------------------------+-------+-------+-------+-------++-------
Melee: Dagger            |     2 |     4 |    30 |   124 ||   160
Throw: Dart              |       |       |       |    50 ||    50
       Stone             |       |       |       |     7 ||     7
Invok: Lunge             |       |     2 |     8 |    14 ||    24
       Whirlwind         |       |       |       |     2 ||     2
       Serpent's Lash    |       |       |       |     3 ||     3
       Heavenly Storm    |       |       |       |     1 ||     1
 Abil: Wall Jump         |       |       |       |     1 ||     1
Evoke: Condenser vane    |       |       |       |     4 ||     4
       Wand              |       |       |       |     4 ||     4
  Use: Scroll            |       |     3 |     3 |     6 ||    12
 Stab: Sleeping          |     2 |     4 |    12 |    15 ||    33
Armor: Troll leather arm |       |       |     1 |    12 ||    13
Dodge: Dodged            |       |       |     8 |    70 ||    78
Block: Buckler           |       |       |       |     3 ||     3

Table legend: (Time is in decaauts)
 A = Elapsed time spent in this place.
 B = Non-inter-level travel time spent in this place.
 C = Inter-level travel time spent in this place.
 D = Time resting spent in this place.
 E = Time spent auto-exploring this place.
 F = Levels seen in this place.
 G = Mean time per level.
                   A        B        C        D        E       F      G
               +--------+--------+--------+--------+--------+-----+--------+
         Total |   1266 |   1083 |    183 |    373 |      0 |   1 | 1266.0 |
       Dungeon |   1266 |   1083 |    183 |    373 |      0 |   1 | 1266.0 |
               +--------+--------+--------+--------+--------+-----+--------+

Top non-repeatable levels by time:
       D: 1266 daAuts
